[Event "Team 45 45 League T57"]
[Site "Internet Chess Club"]
[Date "2013.05.26"]
[Round "1"]
[White "Cryptochess"]
[Black "przechrzczony"]
[Result "1-0"]
[WhiteElo "2025"]
[BlackElo "2061"]
[Opening "Pirc: Ufimtsev-Pytel variation"]
[ECO "B07"]
[Time "21:03:56"]
[TimeControl "2700+45"]

1. e4 d6 2. d4 Nf6 3. Nc3 c6 4. f4 Qa5 5. Bd3 e5 6. Nf3 Nbd7 7. O-O Be7 8. h3
Qc7 9. Be3 O-O 10. g4 exd4 11. Nxd4 Nc5 12. Qf3 Nxd3 13. cxd3 Re8 14. Rac1 Qa5
15. a3 c5 16. Nde2 Be6 17. Bd2 Qb6 18. f5 Bb3 19. g5 Nd7 20. f6 Bf8 21. Kh1 Ne5
22. Qg3 g6 23. Nf4 Qa6 24. h4 Rac8 25. Ncd5 Qb5 26. Bc3 c4 27. d4 Nd3 28. Rce1
Nxe1 29. Rxe1 Bc2 30. e5 dxe5 31. dxe5 Qc6 32. Kh2 Rcd8 33. Ne3 Bd3 34. h5 gxh5
35. Nxh5 Qc8 36. Nf4 Bf5 37. Qh4 b5 38. Kg3 Bd3 39. g6 fxg6 40. f7+ Kh8 41. e6+
Bg7 42. fxe8=Q+ Rxe8 43. Bxg7+ Kxg7 44. Nxd3 cxd3 45. Qd4+ Kg8 46. Ng4 Qc7+ 47.
Kh3 Qg7 48. Qd7 Re7 49. Qd8+ Qf8 50. Nf6+ Kg7 51. Qxf8+ Kxf8 52. Nd5 d2 53. Rf1+
Ke8 54. Nxe7 {Black resigns} 1-0

[Event "Team 45 45 League T57"]
[Site "Internet Chess Club"]
[Date "2013.05.26"]
[Round "1"]
[White "O00O"]
[Black "Nb4"]
[Result "1/2-1/2"]
[WhiteElo "1928"]
[BlackElo "1877"]
[Opening "Queen's pawn game"]
[ECO "A46"]
[Time "21:05:05"]
[TimeControl "2700+45"]

1. d4 Nf6 2. Nf3 e6 3. g3 c5 4. Bg2 cxd4 5. O-O d5 6. Nxd4 e5 7. Nb3 Be6 8. c4
Nc6 9. cxd5 Bxd5 10. Nc3 Bxg2 11. Kxg2 Be7 12. Bg5 O-O 13. Rc1 Nd5 14. Bxe7
Ndxe7 15. Ne4 Qb6 16. Rc5 Rad8 17. Qb1 h6 18. Rd1 Rxd1 19. Qxd1 Rd8 20. Qb1 f5
21. Nc3 Qa6 22. Rb5 b6 23. e4 Qb7 24. Nc5 Qc8 25. Nb3 f4 26. Qf1 Ng6 27. Qc4+
Kh7 28. f3 Qb7 29. Rd5 Rxd5 30. exd5 Nce7 31. d6 Nf5 32. Qc7 Qa6 33. Nd2 Qd3 34.
Nce4 h5 35. Ng5+ Kh6 36. Nf7+ Kh7 37. Ng5+ Kh6 38. Nf7+ Kh7 39. Ng5+ {Game drawn
by repetition} 1/2-1/2

[Event "Team 45 45 League T57"]
[Site "Internet Chess Club"]
[Date "2013.05.26"]
[Round "1"]
[White "chess09"]
[Black "byebyebadman"]
[Result "0-1"]
[WhiteElo "1950"]
[BlackElo "1869"]
[Opening "Benkö gambit accepted"]
[ECO "A58"]
[Time "16:01:51"]
[TimeControl "2700+45"]

1. d4 Nf6 2. c4 c5 3. d5 b5 4. cxb5 a6 5. bxa6 g6 6. Nc3 Bxa6 7. Nf3 Bg7 8. e4
Bxf1 9. Kxf1 d6 10. g3 Nbd7 11. Kg2 O-O 12. Qc2 Ng4 13. b3 Qa5 14. Bb2 Nge5 15.
Nxe5 Nxe5 16. Rhe1 Rfb8 17. h3 c4 18. Ne2 Nd3 19. Bxg7 Nxe1+ 20. Rxe1 Qxe1 21.
Bc3 cxb3 22. axb3 Rc8 23. Qb2 Qd1 24. b4 Qa4 25. Nd4 Qa3 26. Nc6 Qxb2 27. Bxb2
Kf8 28. b5 Ra2 29. Bd4 e6 30. b6 exd5 31. exd5 Rd2 32. b7 Re8 33. Bf6 Rxd5 34.
b8=Q Rxb8 35. Nxb8 Ke8 36. Nc6 Rf5 37. Bb2 Kd7 38. Nd4 Rd5 39. Kf3 h5 40. Ke3
Re5+ 41. Kd2 Ra5 42. f4 d5 43. Nf3 Rb5 44. Kc3 Ra5 45. Ne5+ Ke6 46. Kb4 Ra8 47.
Nc6 Kf5 48. Kc5 Ke4 49. Ne5 Ra2 50. Bc3 Rc2 51. Kb4 d4 52. Ba1 d3 53. Kb3 Rc1
54. Bc3 Ke3 55. Kb2 Rc2+ 56. Kb3 Ke2 57. Nc4 d2 58. Bxd2 Rxd2 59. Nxd2 Kxd2 60.
g4 hxg4 61. hxg4 Kd3 62. f5 gxf5 63. gxf5 f6 64. Kb2 Ke4 65. Kc2 Kxf5 66. Kd3
Kf4 67. Ke2 Kg3 68. Kf1 Kf3 69. Kg1 f5 70. Kf1 f4 71. Kg1 Ke2 72. Kg2 f3+ {White
resigns} 0-1

[Event "Team 45 45 League T57"]
[Site "Internet Chess Club"]
[Date "2013.05.27"]
[Round "1"]
[White "HematiteBrown"]
[Black "bat30"]
[Result "1/2-1/2"]
[WhiteElo "2027"]
[BlackElo "1892"]
[Opening "Ruy Lopez: closed, Averbach variation"]
[ECO "C90"]
[Time "21:01:37"]
[TimeControl "2700+45"]

1. e4 e5 2. Nf3 Nc6 3. Bb5 a6 4. Ba4 Nf6 5. O-O Be7 6. Re1 d6 7. c3 b5 8. Bb3
Na5 9. Bc2 c5 10. a4 Bb7 11. d4 cxd4 12. cxd4 O-O 13. Nbd2 b4 14. dxe5 dxe5 15.
Nxe5 Qc7 16. Ndf3 Rfd8 17. Bd2 Bd6 18. Nxf7 Qxf7 19. e5 Bc5 20. exf6 Qxf6 21.
Qe2 Bxf3 22. gxf3 Rf8 23. Qe4 Qg6+ 24. Qxg6 hxg6 25. Re5 Rac8 26. Be4 Kh8 27.
Rc1 Nb3 28. Rc2 Bd4 29. Rxc8 Rxc8 30. Rd5 a5 31. Bg5 Bxb2 32. Bxg6 Bf6 33. Be3
Rd8 34. Rb5 Kg8 35. Be4 Kf8 36. Bd5 Nd4 37. Rxa5 Ke7 38. Kg2 Kd6 39. Bc4 Rc8 40.
Rd5+ Ke7 41. Bxd4 Rxc4 42. Bxf6+ Kxf6 43. Rb5 b3 44. a5 Ra4 45. Rxb3 Rxa5 46.
Rb6+ Kf5 47. Kg3 Rc5 48. h4 g6 49. Ra6 Rb5 50. Ra8 Rc5 51. Rf8+ Ke6 52. Kg4 Rb5
53. f4 Rc5 54. Re8+ Kf6 55. Re5 Rc1 56. Re3 Rc5 57. Ra3 Rb5 58. Ra6+ Kf7 59. Rc6
Ra5 60. Rc3 Rd5 61. Re3 Rd2 62. Rf3 Kf6 63. Kg3 Kf5 64. Rb3 Rd5 65. Re3 Kf6 66.
Re8 Kf7 67. Re5 Rd1 68. Rg5 Kf6 69. h5 gxh5 70. Rxh5 Rg1+ 71. Kf3 Ra1 72. Rb5
Re1 73. Re5 Ra1 74. Kg4 Rg1+ 75. Kf3 Ra1 76. Re2 Rc1 77. Rd2 Ra1 78. Ke4 Re1+
79. Kf3 Ra1 80. Rd3 Rb1 81. Kg4 Rg1+ 82. Rg3 Ra1 83. Rh3 Rg1+ 84. Kf3 Ra1 85.
Rh5 Rc1 86. Ra5 Rb1 87. Ra8 Rc1 88. Rf8+ Ke7 89. Rf5 Ke6 90. Ra5 Kf6 91. Rg5 Ra1
92. Ke4 Ra4+ 93. Ke3 Ra3+ 94. Ke2 Ra4 95. Kf3 Ra1 96. Rd5 Rb1 97. Ke3 Ra1 98. f3
Re1+ 99. Kf2 Ra1 100. Ke2 Rb1 101. Ke3 Re1+ 102. Kd2 Re8 103. Rh5 Re7 104. Kd3
Re8 105. Kd4 Re1 106. Re5 Rd1+ 107. Ke3 Re1+ 108. Kf2 Rxe5 109. fxe5+ Kxe5 110.
Ke3 Kf5 111. f4 Kf6 112. Ke4 Ke6 113. f5+ Kf6 114. Kf4 Ke7 115. Ke5 Kf7 116. f6
Kf8 117. Kf5 Kf7 118. Kg5 Kf8 119. Kg6 Kg8 120. f7+ Kf8 121. Kf6 {Black
stalemated} 1/2-1/2

[Event "Team 45 45 League T57"]
[Site "Internet Chess Club"]
[Date "2013.05.25"]
[Round "1"]
[White "HumanTornado"]
[Black "pmcglothin"]
[Result "1-0"]
[WhiteElo "2070"]
[BlackElo "1816"]
[Opening "English opening"]
[ECO "A05"]
[Time "10:04:42"]
[TimeControl "2700+45"]

1. Nf3 Nf6 2. c4 g6 3. b4 Bg7 4. Bb2 O-O 5. g3 d5 6. cxd5 Qxd5 7. Nc3 Qd8 8. Bg2
Nbd7 9. O-O e5 10. d3 Re8 11. Qc2 c6 12. b5 Qa5 13. bxc6 bxc6 14. Nd2 Bb7 15.
Nc4 Qc7 16. Ba3 Bf8 17. Bxf8 Kxf8 18. Rab1 Ba6 19. Qa4 Bxc4 20. Qxc4 Rac8 21.
Rb2 Nb6 22. Qh4 Kg7 23. Rc1 Qd6 24. Rbc2 h6 25. Ne4 Nxe4 26. Qxe4 f5 27. Qe3 f4
28. Qc5 Qe6 29. a4 Rc7 30. Qb4 Nd5 31. Qa5 Nb6 32. Rxc6 Rxc6 33. Rxc6 Qe7 34.
Qb5 Rc8 35. a5 Rxc6 36. Qxc6 Nd7 37. Qc7 Kf6 38. Qxa7 Qd6 39. Qb7 Nb8 40. Bd5
Nd7 41. Qc6 Ke7 42. a6 Qxc6 43. Bxc6 Nb6 44. a7 {Black resigns} 1-0

[Event "Team 45 45 League T57"]
[Site "Internet Chess Club"]
[Date "2013.05.24"]
[Round "1"]
[White "sockmonkey"]
[Black "vvsi"]
[Result "1/2-1/2"]
[WhiteElo "1736"]
[BlackElo "1713"]
[Opening "Kevitz-Trajkovich defense"]
[ECO "A50"]
[Time "00:15:26"]
[TimeControl "2700+45"]

1. d4 Nf6 2. c4 Nc6 3. Nc3 e5 4. d5 Ne7 5. e4 Ng6 6. h4 h5 7. Bg5 Bc5 8. Nge2 c6
9. Nc1 Bd4 10. Nb3 Bxc3+ 11. bxc3 d6 12. c5 dxc5 13. Nxc5 Qd6 14. Bxf6 Qxc5 15.
Bg5 Qxc3+ 16. Bd2 Qd4 17. dxc6 Qxe4+ 18. Qe2 Qxc6 19. Rc1 Qe6 20. Qb5+ Bd7 21.
Qxb7 O-O 22. Bc4 Qf5 23. Be2 Rfb8 24. Qf3 Rc8 25. Qxf5 Rxc1+ 26. Bxc1 Bxf5 27.
Bxh5 Rc8 28. Be3 Rc2 29. a4 Ra2 30. Bd1 a6 31. h5 Ne7 32. O-O Bd7 33. Bb3 Ra3
34. Rb1 Bxa4 35. Bc5 Rxb3 36. Rxb3 Bxb3 37. Bxe7 Kh7 38. f3 a5 39. Kf2 Kh6 40.
g4 a4 41. Ke3 f6 42. f4 exf4+ 43. Kxf4 Bc4 44. Ba3 {Game drawn by mutual
agreement} 1/2-1/2

[Event "Team 45 45 League T57"]
[Site "Internet Chess Club"]
[Date "2013.05.27"]
[Round "1"]
[White "Hal2001"]
[Black "calsal"]
[Result "1-0"]
[WhiteElo "1614"]
[BlackElo "1546"]
[Opening "Scotch gambit"]
[ECO "C44"]
[Time "12:08:08"]
[TimeControl "2700+45"]

1. e4 e5 2. Nf3 Nc6 3. d4 exd4 4. Bc4 Bc5 5. c3 dxc3 6. Bxf7+ Kxf7 7. Qd5+ Ke8
8. Qxc5 d6 9. Qxc3 Nf6 10. Nbd2 Be6 11. O-O h6 12. b3 Kf7 13. Bb2 Rf8 14. Rad1
{Black resigns} 1-0

[Event "Team 45 45 League T57"]
[Site "Internet Chess Club"]
[Date "2013.05.25"]
[Round "1"]
[White "fledermaus"]
[Black "minke"]
[Result "0-1"]
[WhiteElo "1904"]
[BlackElo "1909"]
[Opening "Dutch with c4 & Nc3"]
[ECO "A85"]
[Time "14:32:30"]
[TimeControl "2700+45"]

1. d4 f5 2. c4 Nf6 3. Nc3 g6 4. h4 d5 5. cxd5 Nxd5 6. g3 Bg7 7. Bg2 c6 8. h5 Be6
9. Nh3 Nxc3 10. bxc3 Bd5 11. e4 fxe4 12. Be3 Qa5 13. Qd2 Nd7 14. Ng5 Nb6 15. Qc2
Nc4 16. Bh3 Nxe3 17. fxe3 Bb3 18. Qxb3 Qxg5 19. O-O-O Qxe3+ 20. Kb1 Qxg3 21. Be6
Qd6 22. hxg6 hxg6 23. Rxh8+ Bxh8 24. Bh3 Kf8 25. Qc2 Qg3 26. Be6 e3 27. Qe2 Bf6
28. Rf1 Kg7 29. Rf3 Qg1+ 30. Kb2 Rh8 31. Qxe3 Rh2+ 32. Ka3 Qg2 33. Bb3 Qb2+ 34.
Kb4 b6 35. Qe6 a5+ 36. Ka4 b5+ 37. Kxa5 Qa3+ 38. Kb6 Qa8 39. Qxc6 Qb8+ 40. Ka6
Rh5 41. Bd5 Qd8 42. Be6 b4 43. cxb4 Qxd4 44. b5 Qa4+ 45. Kb6 Bd4+ 46. Kc7 Qa7+
47. Kd8 Rh8+ {White resigns} 0-1

[Event "Team 45 45 League T57"]
[Site "Internet Chess Club"]
[Date "2013.05.25"]
[Round "1"]
[White "az2112"]
[Black "ddlj81"]
[Result "1/2-1/2"]
[WhiteElo "1627"]
[BlackElo "1806"]
[Opening "Ruy Lopez: open (Tarrasch) defense"]
[ECO "C80"]
[Time "10:19:02"]
[TimeControl "2700+45"]

1. e4 e5 2. Nf3 Nc6 3. Bb5 a6 4. Ba4 Nf6 5. O-O Nxe4 6. Re1 Nc5 7. Bxc6 dxc6 8.
Nxe5 Be7 9. d4 Ne6 10. c3 O-O 11. b3 Bd6 12. Nc4 Bf4 13. Bxf4 Nxf4 14. Qf3 Nd5
15. Ne3 Be6 16. Nxd5 Bxd5 17. Qg3 Qd6 18. Qd3 Rfe8 19. Nd2 Qf4 20. c4 Be6 21.
Qe3 Qxe3 22. Rxe3 Rad8 23. Nf3 Bg4 24. Rxe8+ Rxe8 25. Re1 Kf8 26. Rxe8+ Kxe8 27.
Ne5 Bf5 28. a3 f6 29. Nf3 b5 30. Nd2 Ke7 31. f3 Bc2 32. Kf2 Ke6 33. Ke3 f5 34.
f4 h6 35. g3 a5 36. b4 axb4 37. axb4 Kd6 38. Kf3 Bd3 39. c5+ Kd5 40. Ke3 Be4 41.
h3 Bg2 42. h4 Bh3 43. Kd3 Bg4 44. Ke3 Bh5 45. Kd3 Bd1 46. Nf1 Bf3 47. Ne3+ Ke6
48. Kc3 Kf6 49. Kd2 g5 50. Ke1 gxf4 51. gxf4 Kg6 52. Kf2 Be4 53. Kg3 Kf6 54. Kf2
Kg6 55. Kg3 {Game drawn by mutual agreement} 1/2-1/2

[Event "Team 45 45 League T57"]
[Site "Internet Chess Club"]
[Date "2013.05.27"]
[Round "1"]
[White "gcl"]
[Black "clarinetref"]
[Result "1-0"]
[WhiteElo "1650"]
[BlackElo "1608"]
[Opening "Sicilian: Najdorf, Byrne (English) attack"]
[ECO "B90"]
[Time "20:07:02"]
[TimeControl "2700+45"]

1. e4 c5 2. Nf3 d6 3. d4 cxd4 4. Nxd4 Nf6 5. Nc3 a6 6. Be3 e5 7. Nb3 Be6 8. f3
Be7 9. Qd2 O-O 10. O-O-O b5 11. g4 b4 12. Ne2 a5 13. Kb1 a4 14. Nbc1 d5 15. g5
d4 16. gxf6 dxe3 17. Qe1 Bd6 18. Rg1 g6 19. Qh4 Nc6 20. Rxd6 Qxd6 21. Qh6 Bxa2+
22. Nxa2 Qxf6 23. Qxe3 Rfd8 24. Nec1 Nd4 25. Nxb4 Nxf3 26. Nd5 Rxd5 27. exd5
Nxg1 28. Qxg1 a3 29. Bc4 axb2 30. Nb3 Qf4 31. Bb5 Qb4 32. Qc5 Qxc5 33. Nxc5 Rb8
34. c4 f5 35. Nd7 Rb7 36. Nxe5 Re7 37. Nf3 Re3 38. d6 Rxf3 39. c5 Kf7 40. c6 Rc3
41. c7 Ke6 42. d7 Rxc7 43. d8=Q Rc5 44. Bd7+ Ke5 45. Qe7+ Kd4 46. Qxh7 Kc3 47.
Qxg6 Ra5 48. Qf6+ Kd3 49. Bxf5+ Ke3 50. Qc3+ {Black resigns} 1-0

[Event "Team 45 45 League T57"]
[Site "Internet Chess Club"]
[Date "2013.05.26"]
[Round "1"]
[White "drsigmund1"]
[Black "calily"]
[Result "1-0"]
[WhiteElo "1581"]
[BlackElo "1598"]
[Opening "Queen's bishop game"]
[ECO "D02"]
[Time "10:22:20"]
[TimeControl "2700+45"]

1. d4 Nf6 2. Nf3 d5 3. Bf4 e6 4. e3 c5 5. c3 Nc6 6. Nbd2 Bd6 7. Ne5 O-O 8. Qf3
Qe7 9. Bd3 Nd7 10. Qh3 g6 11. Ndf3 Bxe5 12. Nxe5 Ncxe5 13. dxe5 a6 14. Qh6 Re8
15. h4 Qf8 16. Qg5 f6 17. Qg3 fxe5 18. Bg5 e4 19. Be2 Qg7 20. Qd6 Qf8 21. Qc7 h6
22. Bf4 e5 23. Bh2 Re7 24. Qd6 Rf7 25. Qxd5 Kg7 26. f3 exf3 27. gxf3 Rf5 28.
O-O-O e4 29. Qxe4 Nf6 30. Qc2 Be6 31. Bd3 Rxf3 32. Bxg6 Ng4 33. Rdg1 Qf6 34. Bh5
Kg8 35. Bxg4 Bxg4 36. Rxg4+ Kh8 37. Bf4 Rf8 38. Qe4 Rf2 39. Be5 {Black resigns}
1-0

[Event "Team 45 45 League T57"]
[Site "Internet Chess Club"]
[Date "2013.05.26"]
[Round "1"]
[White "evan7284"]
[Black "Hal2001"]
[Result "1-0"]
[WhiteElo "1751"]
[BlackElo "1600"]
[Opening "Modern defense"]
[ECO "A40"]
[Time "08:25:11"]
[TimeControl "2700+45"]

1. d4 g6 2. Nf3 Bg7 3. Bg5 c5 4. e3 cxd4 5. exd4 Nc6 6. c3 Nf6 7. Bd3 d5 8. Nbd2
O-O 9. O-O Re8 10. Re1 Bd7 11. Nf1 Qc7 12. Ng3 Bg4 13. h3 Bh5 14. Nxh5 Nxh5 15.
Qd2 Nf6 16. Re2 e6 17. Bh6 Re7 18. Bxg7 Kxg7 19. Qg5 Rae8 20. Rae1 h6 21. Qd2 e5
22. dxe5 Nxe5 23. Nxe5 Rxe5 24. Rxe5 Rxe5 25. Rxe5 Qxe5 26. Qe2 Qf4 27. g3 Qd6
28. Qf3 b6 29. Bc2 Qe5 30. Kf1 Ne4 31. Qe3 f6 32. Kg2 Nc5 33. Qd2 Ne4 34. Qd3 f5
35. Qe3 Qe6 36. f3 Nc5 37. Qxe6 Nxe6 38. Bb3 Nc7 39. Kf2 g5 40. Ke3 Kf6 41. Kd4
Ke6 42. f4 gxf4 43. gxf4 h5 44. h4 a5 45. Bd1 Nb5+ 46. Kd3 {Black resigns} 1-0

[Event "Team 45 45 League T57"]
[Site "Internet Chess Club"]
[Date "2013.05.23"]
[Round "1"]
[White "MinnArkie"]
[Black "arnx813"]
[Result "0-1"]
[WhiteElo "1539"]
[BlackElo "1292"]
[Opening "English: symmetrical variation"]
[ECO "A30"]
[Time "20:27:32"]
[TimeControl "2700+45"]

1. c4 c5 2. g3 Nc6 3. Bg2 d6 4. Nc3 Bd7 5. Nf3 Nf6 6. d3 e5 7. Bg5 Be7 8. O-O
O-O 9. Bxf6 Bxf6 10. a3 h6 11. Nd2 Bg4 12. Nde4 Be7 13. Nd5 f5 14. Nec3 f4 15.
Nxe7+ Qxe7 16. Nd5 Qf7 17. gxf4 exf4 18. h3 Bh5 19. Nb6 f3 20. Nxa8 Nd4 21. exf3
Nxf3+ 22. Kh1 Qf4 {White resigns} 0-1

[Event "Team 45 45 League T57"]
[Site "Internet Chess Club"]
[Date "2013.05.27"]
[Round "1"]
[White "g8wrb"]
[Black "jungleboy"]
[Result "1-0"]
[WhiteElo "1440"]
[BlackElo "1182"]
[Opening "Inverted Hungarian"]
[ECO "C44"]
[Time "10:14:37"]
[TimeControl "2700+45"]

1. e4 e5 2. Nf3 Nc6 3. Be2 Nf6 4. Nc3 Bb4 5. d3 Bxc3+ 6. bxc3 O-O 7. O-O d6 8.
Bg5 h6 9. Bh4 Ne7 10. Bxf6 gxf6 11. Qd2 Kh7 12. h3 Rg8 13. Kh1 Ng6 14. Nh2 Nf4
15. Ng4 Bxg4 16. Bxg4 Rxg4 17. hxg4 f5 18. gxf5 Qh4+ 19. Kg1 Nh3+ 20. gxh3 Rg8+
21. Kh2 Rg5 22. Rg1 f6 23. Rxg5 fxg5 24. Rg1 Qh5 25. Rg4 Qf7 26. c4 b5 27. Qa5
c6 28. cxb5 cxb5 29. Qxb5 Qg7 30. Qe8 d5 31. Qg6+ Qxg6 32. fxg6+ Kxg6 33. exd5
Kf6 34. Ra4 Ke7 35. Rxa7+ Kd6 36. c4 Kc5 37. Rb7 h5 38. a4 Kd4 39. a5 Kxd3 40.
d6 g4 41. d7 e4 42. d8=Q+ Ke2 43. Rf7 h4 44. Qxh4 g3+ 45. fxg3 Kd3 46. Qd8+ Ke2
47. a6 Ke1 48. a7 e3 49. a8=Q Ke2 50. Qa2+ Ke1 51. Qb1+ Ke2 52. Qc2+ Ke1 53.
Qdd1# {Black checkmated} 1-0

[Event "Team 45 45 League T57"]
[Site "Internet Chess Club"]
[Date "2013.05.27"]
[Round "1"]
[White "houseofcook"]
[Black "bmw2002"]
[Result "1/2-1/2"]
[WhiteElo "1474"]
[BlackElo "1553"]
[Opening "Caro-Kann: exchange, Rubinstein variation"]
[ECO "B13"]
[Time "08:28:37"]
[TimeControl "2700+45"]

1. e4 c6 2. d4 d5 3. exd5 cxd5 4. Bd3 Nf6 5. c3 Nc6 6. Bf4 Bg4 7. f3 Bd7 8. Ne2
e6 9. O-O Nh5 10. Qd2 Be7 11. Ng3 Nxf4 12. Qxf4 Bg5 13. Qg4 e5 14. Bf5 Be3+ 15.
Kh1 Bxf5 16. Nxf5 Bh6 17. Nxh6 gxh6 18. Re1 Qg5 19. Na3 Qxg4 20. fxg4 e4 21. Nc2
O-O-O 22. Ne3 Rhg8 23. Rf1 Rg7 24. Rf5 Ne7 25. Rf2 Rf8 26. Raf1 Kd7 27. Rf6 Ng8
28. R6f5 Ne7 29. Rf6 Ng8 30. R6f5 Ne7 {Game drawn by mutual agreement} 1/2-1/2

[Event "Team 45 45 League T57"]
[Site "Internet Chess Club"]
[Date "2013.05.27"]
[Round "1"]
[White "Zyme"]
[Black "SirIvanhoe"]
[Result "1-0"]
[WhiteElo "1380"]
[BlackElo "1527"]
[Opening "QGD Slav defense"]
[ECO "D10"]
[Time "20:00:58"]
[TimeControl "2700+45"]

1. d4 d5 2. c4 c6 3. Nc3 dxc4 4. e3 b5 5. a4 b4 6. Ne4 Bf5 7. Nd2 Nf6 8. Bxc4 e6
9. Ngf3 c5 10. Bb5+ Nbd7 11. O-O Be7 12. Ne5 Qc7 13. Nxd7 Nxd7 14. Nf3 Bg4 15.
dxc5 Bxc5 16. Bxd7+ Qxd7 17. Qxd7+ Kxd7 18. Ne5+ Ke7 19. Nxg4 Rad8 20. b3 f6 21.
h3 Rd3 22. Rb1 Rhd8 23. Bb2 Kf7 24. Ba1 h5 25. Nh2 g5 26. Nf3 a5 27. Rfc1 Bb6
28. Kf1 R8d7 29. Ke1 g4 30. hxg4 hxg4 31. Nd4 e5 32. Nf5 Ke6 33. Ng3 Bxe3 34.
fxe3 Rxe3+ 35. Kf2 Rdd3 36. Rc6+ Kd7 37. Rd6+ Rxd6 38. Kxe3 Ke6 39. Ne4 f5 40.
Nxd6 Kxd6 41. g3 Ke6 42. Rc1 Kd5 43. Rd1+ Ke6 44. Rd8 f4+ 45. gxf4 g3 46. Rg8
exf4+ 47. Kxf4 Kd5 48. Rxg3 Kc6 49. Rg5 Kb6 50. Ke4 Ka6 51. Kd4 Kb6 52. Kc4 Ka6
53. Rg6+ Kb7 54. Kc5 {Black resigns} 1-0

[Event "Team 45 45 League T57"]
[Site "Internet Chess Club"]
[Date "2013.05.27"]
[Round "1"]
[White "dabodhi"]
[Black "AlPearson"]
[Result "0-1"]
[WhiteElo "1328"]
[BlackElo "1327"]
[Opening "Caro-Kann: two knights variation"]
[ECO "B11"]
[Time "14:00:20"]
[TimeControl "2700+45"]

1. e4 c6 2. Nc3 d5 3. Nf3 dxe4 4. Nxe4 Bf5 5. Ng3 Bg6 6. Bc4 Nf6 7. h4 h6 8. h5
Bh7 9. Ne5 e6 10. d3 Bd6 11. f4 Qc7 12. Qe2 O-O 13. Ne4 Bxe5 14. fxe5 Qxe5 15.
Nxf6+ Qxf6 16. Bd2 Qxb2 17. O-O Qd4+ 18. Be3 Qe5 19. Rae1 Nd7 20. Qf3 Nf6 21.
Bf4 Qxh5 22. Qg3 Rad8 23. Re5 Qg4 24. Qe3 Nh5 25. Rxh5 Qxh5 26. Rf3 Bf5 27. Rg3
Kh7 28. Qe5 f6 29. Qe3 e5 30. Bxh6 Qxh6 31. Qf3 Bc8 32. d4 Rxd4 33. Bd3+ Kh8 34.
Rg6 Qc1+ 35. Kh2 Rh4+ 36. Kg3 Qe1+ 37. Qf2 Qxf2+ 38. Kxf2 Rf4+ 39. Kg1 Bf5 40.
Rg3 Bxd3 41. Rh3+ Kg8 42. Rxd3 Rd4 43. Ra3 a6 {White resigns} 0-1

[Event "Team 45 45 League T57"]
[Site "Internet Chess Club"]
[Date "2013.05.25"]
[Round "1"]
[White "chuckh2"]
[Black "Gilguli"]
[Result "0-1"]
[WhiteElo "1286"]
[BlackElo "1380"]
[Opening "Queen's pawn, Mason variation"]
[ECO "D00"]
[Time "11:03:45"]
[TimeControl "2700+45"]

1. d4 d5 2. Bf4 Nf6 3. e3 Nc6 4. Nf3 Bg4 5. Nbd2 e6 6. h3 Bh5 7. Bd3 Nb4 8. Bb5+
c6 9. Be2 Bg6 10. O-O Bxc2 11. Qc1 Bd3 12. Bxd3 Nxd3 13. Qc2 Nxf4 14. exf4 Bd6
15. Ne5 Nd7 16. Ndf3 f6 17. Nxd7 Qxd7 18. Rfe1 Bxf4 19. Qe2 Kf7 20. g3 Bd6 21.
a3 Rhe8 22. Qd2 Rac8 23. Rac1 c5 24. dxc5 Rxc5 25. Rxc5 Bxc5 26. Qc2 Qb5 27. b4
Bd6 28. Nd4 Qc4 29. Qxc4 dxc4 30. Nb5 Bb8 31. Re4 a6 32. Nc3 b5 33. Kf1 Rd8 34.
Ke2 Rd3 35. Re3 Rxe3+ 36. Kxe3 Be5 37. Kd2 Bxc3+ 38. Kxc3 e5 39. Kc2 Ke6 40. Kd2
Kd5 41. Ke3 g6 42. f3 f5 43. h4 f4+ 44. gxf4 exf4+ 45. Kxf4 Kd4 {White resigns}
0-1

[Event "Team 45 45 League T57"]
[Site "Internet Chess Club"]
[Date "2013.05.25"]
[Round "1"]
[White "Manch"]
[Black "BrerRabbit"]
[Result "1/2-1/2"]
[WhiteElo "1585"]
[BlackElo "1499"]
[Opening "Pirc: Ufimtsev-Pytel variation"]
[ECO "B07"]
[Time "10:59:32"]
[TimeControl "2700+45"]

1. e4 d6 2. d4 Nf6 3. Nc3 c6 4. f4 Qa5 5. Bd2 e5 6. fxe5 dxe5 7. dxe5 Ng4 8. Nf3
Nxe5 9. Nxe5 Qxe5 10. Bc4 Be7 11. O-O Qd4+ 12. Kh1 Qxc4 13. Qf3 O-O 14. e5 Be6
15. Qg3 Nd7 16. Rf4 Qc5 17. Re4 Qb6 18. Bh6 g6 19. Bxf8 Bxf8 20. b3 Bg7 21. Rd1
Qc7 22. Rde1 Rd8 23. Qg5 Re8 24. R4e2 Qd8 25. Qg3 Qc7 26. Ne4 Qxe5 27. Qxe5 Bxe5
28. Ng5 Bc3 29. Rd1 Nf6 30. Nxe6 Rxe6 31. Rd8+ Kg7 32. Rxe6 fxe6 33. Rb8 Kh6 34.
Rxb7 Bd4 35. Rc7 Nd5 36. Rxc6 e5 37. c4 Nb4 38. Rc7 Nxa2 39. c5 Nb4 40. c6 Kg5
41. Rc8 Bb6 42. g3 Kf5 43. Kg2 Ke4 44. g4 Kd3 45. Kf3 e4+ 46. Kf4 e3 47. c7 Nd5+
48. Kf3 Bxc7 49. Re8 Bxh2 50. Rd8 Kd4 51. Ke2 g5 52. Rd7 h6 53. Rxa7 Bf4 54. Ra6
Kc3 55. Rxh6 Kxb3 56. Rc6 Nc3+ 57. Kd3 Nd1 58. Rb6+ Ka4 59. Ke2 Nf2 60. Kf3 Ka5
61. Re6 Nd1 62. Rc6 Kb5 63. Rc1 Nf2 64. Rc2 Kb4 65. Rc8 Kb3 66. Rc6 Kb2 67. Rc8
Kb3 68. Rc6 Kb2 {Game drawn by mutual agreement} 1/2-1/2

[Event "Team 45 45 League T57"]
[Site "Internet Chess Club"]
[Date "2013.05.23"]
[Round "1"]
[White "otib2006"]
[Black "mongmong"]
[Result "0-1"]
[WhiteElo "1292"]
[BlackElo "1549"]
[Opening "Queen's pawn game"]
[ECO "D05"]
[Time "18:01:05"]
[TimeControl "2700+45"]

1. d4 e6 2. Nf3 Nf6 3. e3 d5 4. Bd3 Bd6 5. O-O O-O 6. Nbd2 Nbd7 7. Qe2 c6 8. e4
dxe4 9. Nxe4 Nxe4 10. Qxe4 Nf6 11. Qe2 h6 12. c4 Qc7 13. c5 Be7 14. b4 Nd5 15.
Qe5 Qxe5 16. Nxe5 Nxb4 17. Be2 Nc2 18. Rb1 Nxd4 19. Bg4 Bf6 20. f4 Rd8 21. Rd1
Nb5 22. Rxd8+ Bxd8 23. Bb2 Nc7 24. Rd1 Nd5 25. Bf3 Be7 26. Bxd5 exd5 27. Ba3 Bf5
28. Re1 Be4 29. Ng4 b6 30. Nf2 f5 31. g4 g6 32. Nxe4 fxe4 33. Rc1 Kf7 34. Kf2
Rb8 35. Ke3 b5 36. Kd4 b4 37. Bb2 Bf6+ 38. Ke3 Bxb2 39. Rf1 Re8 40. f5 d4+ 41.
Kf4 gxf5 42. Kg3 e3 43. Rxf5+ Kg6 44. Rf1 e2 45. Re1 Bc3 46. Rc1 e1=Q+ 47. Rxe1
Rxe1 48. h4 Re3+ 49. Kf4 Bd2 50. h5+ Kf6 51. g5+ hxg5+ 52. Kg4 Re4+ 53. Kf3 Rh4
54. Ke2 Rxh5 55. Kxd2 Rh2+ 56. Kd3 Rxa2 57. Kc4 Rc2+ 58. Kd3 Rxc5 59. Kxd4 g4
60. Ke3 Kg5 61. Kf2 b3 62. Kg3 b2 {White resigns} 0-1

[Event "Team 45 45 League T57"]
[Site "Internet Chess Club"]
[Date "2013.05.27"]
[Round "1"]
[White "globulon"]
[Black "MeansToAnEnd"]
[Result "0-1"]
[WhiteElo "1286"]
[BlackElo "1367"]
[Opening "Caro-Kann: classical, 6.h4"]
[ECO "B19"]
[Time "11:00:22"]
[TimeControl "2700+45"]

1. e4 c6 2. d4 d5 3. Nc3 dxe4 4. Nxe4 Bf5 5. Ng3 Bg6 6. h4 h6 7. Nf3 Nf6 8. h5
Bh7 9. Bd3 Bxd3 10. Qxd3 e6 11. Bd2 Be7 12. O-O-O Nbd7 13. Ne5 Nxe5 14. dxe5
Qxd3 15. cxd3 Ng4 16. Ne4 Nxe5 17. Be3 b6 18. f4 Nd7 19. g4 e5 20. g5 exf4 21.
Bxf4 hxg5 22. Nxg5 Nf6 23. Rde1 Rd8 24. Kd2 Nd5 25. Bg3 O-O 26. Rxe7 Nxe7 27. h6
Nf5 28. h7+ Kh8 29. Bc7 Rc8 30. Bf4 f6 31. Ne6 Rfe8 32. Nxg7 Kxg7 {White
resigns} 0-1

[Event "Team 45 45 League T57"]
[Site "Internet Chess Club"]
[Date "2013.05.26"]
[Round "1"]
[White "sere"]
[Black "JohLeb"]
[Result "0-1"]
[WhiteElo "1174"]
[BlackElo "1343"]
[Opening "Sicilian"]
[ECO "B50"]
[Time "14:06:54"]
[TimeControl "2700+45"]

1. e4 c5 2. Nf3 d6 3. b3 g6 4. Bb2 Nf6 5. Nc3 Bg7 6. Bc4 O-O 7. O-O e6 8. Qe2 a6
9. Rfe1 b5 10. Rad1 bxc4 11. Qxc4 Nc6 12. e5 dxe5 13. Nxe5 Nxe5 14. Rxe5 Qc7 15.
Qxc5 Qxc5 16. Rxc5 Bb7 17. Re1 Rfd8 18. Rc4 Rxd2 19. Rd1 Rxd1+ 20. Nxd1 Rd8 21.
Ne3 Nd5 22. Bxg7 Kxg7 23. Rd4 Rc8 24. c4 Nxe3 25. fxe3 Rc7 26. Kf2 e5 27. Rd1 f5
28. h3 Kf7 29. g4 Ke6 30. gxf5+ gxf5 31. h4 h5 32. Kg3 Rd7 33. Rxd7 Kxd7 34. Kf2
a5 35. Ke1 Kc6 36. Kd2 Kc5 37. Kc3 f4 38. exf4 exf4 39. Kd3 a4 40. Kd2 axb3 41.
axb3 Kb4 42. Kc2 f3 43. Kd2 Kxb3 44. Kd3 Bc6 45. c5 Kb4 46. Ke3 Kxc5 47. Kf2 Kd4
48. Kf1 Ke3 49. Kg1 Ke2 50. Kh2 f2 51. Kg3 f1=Q {White resigns} 0-1